 Dungeon Crawl Stone Soup version 0.31-a0-1540-g5a0b83f448 (webtiles) character file.

Game seed: 1386519674179892228

504 jasper the Trooper (level 6, -4/51 HPs)
             Began as a Demonspawn Hexslinger on Jan 1, 2024.
             Shot with an arrow by a centaur (10 damage)
             ... on level 5 of the Dungeon.
             The game lasted 00:06:38 (3191 turns).

jasper the Trooper (Demonspawn Hexslinger)          Turns: 3191, Time: 00:06:39

Health: -4/51      AC:  7    Str: 16    XL:     6   Next: 96%
Magic:  7/7        EV: 10    Int: 13    God:
Gold:   106        SH:  4    Dex: 16    Spells: 7/7 levels left

rFire   . . .        a - +2 sling
rCold   . . .        (no shield)
rNeg    . . .        p - +0 scale mail
rPois   .            (no helmet)
rElec   .            r - +0 cloak
rCorr   .            (no gloves)
SInv    .            (no boots)
Will    +....        (no amulet) Stlth
                     h - +6 ring of strength
HPRegen 0.28/turn    i - ring of willpower
MPRegen 0.10/turn

%: no passive effects
@: mighty, marked
A: large bone plates 1, powered by pain 2
a: no special abilities


You were on level 5 of the Dungeon.
You visited 1 branch of the dungeon, and saw 5 of its levels.

You collected 106 gold pieces.

Inventory:

Hand Weapons
 a - a +2 sling (weapon)
Missiles
 e - 21 stones
Armour
 c - a +0 robe
 d - a +0 leather armour
 p - a +0 scale mail (worn)
 r - a +0 cloak (worn)
Jewellery
 h - a +6 ring of strength (left hand)
 i - a ring of willpower (right hand)
 t - a ring of magical power
Talismans
 k - a beast talisman
Wands
 s - a wand of flame (16)
Scrolls
 f - a scroll of fear {unknown}
 g - a scroll of silence {unknown}
 j - 3 scrolls of identify {unknown}
 l - 2 scrolls of fog {unknown}
Potions
 b - 2 potions of curing {unknown}
 n - a potion of mutation {unknown}
 q - a potion of enlightenment {unknown}
 u - a potion of resistance


   Skills:
 + Level 5.0 Fighting
 - Level 1.7 Ranged Weapons
 - Level 1.7 Dodging
 + Level 4.3 Unarmed Combat
 - Level 1.0 Spellcasting
 - Level 3.0 Hexes
 - Level 0.8 Fire Magic
 - Level 1.2 Shapeshifting


You had 7 spell levels left.
You didn't know any spells.
Your spell library contained the following spells:

 Spells                   Type           Power      Damage    Failure   Level
 Jinxbite                 Hex            16%        N/A       43%         2
 Sigil of Binding         Hex            8%         N/A       67%         3
 Inner Flame              Hex/Fire       5%         N/A       82%         3
 Cause Fear               Hex            4%         N/A       97%         4
 Dimensional Bullseye     Hex/Tloc       2%         N/A       99%         4


Dungeon Overview and Level Annotations

Branches:
Dungeon (5/15)
 Temple: D:4-7

Altars:
Dithmenos
Hepliaklqana

Annotations:
D:2 Robin
D:3 Grinder


Innate Abilities, Weirdness & Mutations

You are partially covered in large bone plates. (SH +4)
You sometimes gain power by taking damage.


Message History

The gnoll closely misses you.
A gnoll comes into view. It is wielding a +0 whip.
The gnoll moves out of view.
Fire: a) +2 sling
Press: ? - help, Q - select action, (/) - cycle Shift-Dir - straight line, f/p - gnoll
Aim: a gnoll, wielding a +0 spear (severely wounded, 65% to hit)
You shoot a sling bullet.
The sling bullet barely misses the gnoll.
The centaur wields a +0 orcbow.
The centaur shoots an arrow.
You block the arrow.
The gnoll hits you from afar with a +0 spear.
* * * LOW HITPOINT WARNING * * *
You take 2 damage, and have 13/51 hp.
You feel much better.
The centaur shoots an arrow.
The arrow barely misses you.
A gnoll comes into view. It is wielding a +0 whip.
The gnoll closely misses you.
A scorpion comes into view.
The centaur shoots an arrow.
The arrow hits you!
You regained 8 hp, and now have 21/51 hp.
You feel much better.
The gnoll hits you from afar with a +0 spear.
The centaur shoots an arrow.
The arrow barely misses you.
You regained 14 hp, and now have 35/51 hp.
As you read the scroll of teleportation, it crumbles to dust.
You feel strangely unstable.
The centaur shoots an arrow.
The arrow hits you!
You focus on the pain.
You feel very mighty all of a sudden. The gnoll hits you but does no damage.
A gnoll comes into view. It is wielding a +0 flail.
The gnoll barely misses you.
The centaur shoots an arrow.
The arrow hits you.
You take 16 damage, and have 19/51 hp.
MASSIVE DAMAGE!!
An iguana comes into view.
Your surroundings seem slightly different.
The centaur shoots an arrow.
The arrow hits you!
* * * LOW HITPOINT WARNING * * *
You focus on the pain.
You feel mightier all of a sudden.
You take 14 damage, and have 6/51 hp.
MASSIVE DAMAGE!!
The centaur shoots an arrow.
The arrow hits you!
You die...

##..[.[..............
#.>...........<......
###......#.....<.......
#.......##.............
###....................
#..#....)............
#....................
##...................
##.@....#....###....
#.#....#.##........
###................
#...........).....
##..§..g..........
##...#............
#....#gg##........
###.cg..##.......<
#...†###........


You could see a centaur and 4 gnolls.

Vanquished Creatures
  An ice beast (D:5)
  A bullfrog (D:5)
  A scorpion (D:5)
  A bombardier beetle (D:4)
  2 hounds (D:5)
  An iguana (D:4)
  2 orc wizards (D:3)
  2 gnolls (D:5)
  2 adders (D:3)
  3 dart slugs
  8 orcs
  5 bats (D:1)
  3 endoplasms
  4 giant cockroaches
  8 goblins
  5 hobgoblins
  6 jackals
  4 quokkas
  5 ball pythons
  5 frilled lizards
  8 kobolds
  5 rats
82 creatures vanquished.

Notes
Turn   | Place    | Note
-------+----------+-------------------------------------------
     0 | D:1      | jasper the Demonspawn Hexslinger began the quest for the
                  | Orb.
     0 | D:1      | Reached XP level 1. HP: 15/15 MP: 2/2
   188 | D:1      | Reached skill level 1 in Unarmed Combat
   188 | D:1      | Gained mutation: You are partially covered in large bone
                  | plates. (SH +4) [demonic ancestry]
   188 | D:1      | Reached XP level 2. HP: 21/21 MP: 3/3
   353 | D:1      | Reached skill level 2 in Fighting
   590 | D:1      | Reached XP level 3. HP: 27/27 MP: 4/4
  1415 | D:2      | Noticed Robin
  1428 | D:2      | HP: 1/42 [goblin/+0 dagger[Robin] (5)]
  1776 | D:3      | Reached skill level 3 in Fighting
  1776 | D:3      | Gained mutation: You sometimes gain a little power by
                  | taking damage. [demonic ancestry]
  1776 | D:3      | Reached XP level 4. HP: 8/35 MP: 5/5
  2072 | D:3      | Found a shadowy altar of Dithmenos.
  2072 | D:3      | Found a hazy altar of Hepliaklqana.
  2075 | D:3      | Noticed a shadow
  2263 | D:3      | Reached XP level 5. HP: 34/41 MP: 6/6
  2390 | D:3      | Noticed Grinder
  2503 | D:4      | Noticed a black bear
  2679 | D:4      | Reached skill level 1 in Shapeshifting
  2951 | D:5      | Entered Level 5 of the Dungeon
  3028 | D:5      | Reached skill level 4 in Fighting
  3028 | D:5      | Gained mutation: You sometimes gain power by taking damage.
                  | [demonic ancestry]
  3028 | D:5      | Reached XP level 6. HP: 39/48 MP: 7/7
  3096 | D:5      | Noticed an ice beast
  3103 | D:5      | Killed an ice beast
  3182 | D:5      | Reached skill level 5 in Fighting
  3191 | D:5      | Shot with an arrow by a centaur

Illustrated notes

Levels and vault maps discovered:
D:1:      ncdulo_watergridlock, layout_basic
D:2:      layout_loops_corners, hex_tiny, dreamdust_princess_bridge, uniq_robin
D:3:      layout_basic, riverfiend_overflow_shadow_ancestor,
          hangedman_decor_growths, uniq_grinder
D:4:      layout_loops_corners, corexii_checkpoint
D:5:      layout_cave_pools, okawaru_metal_pillars_1_2

Skill      XL: |  1  2  3  4  5  6 |
---------------+-------------------+-----
Unarmed Combat | 1 2 3 4 |  4.3
Fighting       | 2 3 4 5 |  5.0
Shapeshifting  | 1 |  1.2
Ranged Weapons | |  1.7
Dodging        | |  1.7
Spellcasting   | |  1.0
Hexes          | |  3.0
Fire Magic     | |  0.8

Action                     |  1- 3 |  4- 6 || total
---------------------------+-------+-------++-------
  Melee: Unarmed           |     6 |       ||     6
         Punch             |     1 |       ||     1
   Fire: Sling             |   185 |   159 ||   344
  Evoke: Wand              |       |     4 ||     4
    Use: Scroll            |     6 |     3 ||     9
         Potion            |     5 |     3 ||     8
 Armour: Robe              |     6 |       ||     6
         Leather armour    |    24 |       ||    24
         Scale mail        |    60 |   115 ||   175
         Skin              |     1 |       ||     1
  Dodge: Dodged            |    63 |    67 ||   130
  Block: Other             |    18 |    12 ||    30

Table legend: (Time is in decaauts)
 A = Elapsed time spent in this place.
 B = Non-inter-level travel time spent in this place.
 C = Inter-level travel time spent in this place.
 D = Time resting spent in this place.
 E = Time spent auto-exploring this place.
 F = Levels seen in this place.
 G = Mean time per level.
                   A        B        C        D        E       F      G
               +--------+--------+--------+--------+--------+-----+--------+
         Total |   3360 |   3244 |    116 |    206 |   2199 |   5 |  672.0 |
       Dungeon |   3360 |   3244 |    116 |    206 |   2199 |   5 |  672.0 |
               +--------+--------+--------+--------+--------+-----+--------+

Top non-repeatable levels by time:
     D:3: 948 daAuts
     D:1: 905 daAuts
     D:2: 789 daAuts
     D:4: 450 daAuts
     D:5: 266 daAuts
